 Dungeon Crawl Stone Soup version 0.17-a0-1882-g750edc8 (webtiles) character file.

1028 Rationalist the Shield-Bearer (level 8, 0/62 HPs)
             Began as a Formicid Fighter on Sept 15, 2015.
             Was an Initiate of Qazlal.
             Slain by a jelly (3 damage)
             ... on level 6 of the Dungeon on Sept 23, 2015.
             The game lasted 00:15:02 (5411 turns).

Rationalist the Shield-Bearer (Formicid Fighter)    Turns: 5411, Time: 00:15:02

Health: 0/62       AC:  0    Str: 21    XL:     8   Next: 47%
Magic:  8/8        EV:  6    Int: 13    God:    Qazlal [......]
Gold:   21         SH: 11    Dex: 12    Spells: 0 memorised, 7 levels left

rFire  . . .     SeeInvis +     G - +0 flail (crush)
rCold  + . .     Clarity  .     v - +0 plate armour
rNeg   . . .     SustAt   .     c - +0 shield
rPois  .         Gourm    .     (helmet unavailable)
rElec  .         Spirit   .     (no cloak)
rCorr  .         Warding  .     (no gloves)
rMut   .         Stasis   +     (no boots)
MR     .....                    t - amulet of regeneration
Stlth  ..........               q - +4 ring of protection
                                i - ring of protection from cold

@: brilliant, corroded equipment, not resistant to hostile enchantments,
extremely unstealthy
A: permanent stasis, dig shafts and tunnels, four strong arms, antennae 3
a: Dig, Shaft Self, Renounce Religion


You were on level 6 of the Dungeon.
You worshipped Qazlal.
Qazlal was noncommittal.
You were not hungry.

You visited 2 branches of the dungeon, and saw 7 of its levels.
You also visited: Sewer.

You collected 189 gold pieces.
You spent 168 gold pieces at shops.

Inventory:

Hand weapons
 s - a +0 blowgun
 y - a +0 hand crossbow
 G - a +0 flail of crushing (weapon)
Missiles
 a - 4 needles of sleeping
 k - 64 sling bullets
 l - 33 poisoned needles
 r - 69 bolts
 u - 8 curare-tipped needles
 w - 4 javelins (quivered)
 N - 6 silver tomahawks
 Q - 17 bolts of frost
Armour
 c - a +0 shield (worn)
 v - a +0 plate armour (worn)
Jewellery
 i - a ring of protection from cold (left hand)
 q - a +4 ring of protection (right hand)
 t - an amulet of regeneration (around neck)
 P - an uncursed ring of ice {unknown}
 S - an uncursed ring of magical power {unknown}
Magical devices
 F - a wand of cold (6)
 K - a wand of random effects (26)
 O - a wand of teleportation (0)
Scrolls
 f - 2 scrolls of magic mapping {unknown}
 g - 2 scrolls of blinking {unknown}
 h - 2 scrolls of remove curse
 m - 3 scrolls of fog {unknown}
 n - 2 scrolls of teleportation {unknown}
 o - a scroll of identify {unknown}
 H - a scroll of enchant weapon {unknown}
 J - a scroll of immolation {unknown}
 M - a scroll of amnesia
 R - a scroll of enchant armour {unknown}
Potions
 b - a potion of mutation {unknown}
 d - 6 potions of might
 j - a potion of haste {unknown}
 p - a potion of invisibility {unknown}
 x - 4 potions of heal wounds {unknown}
 z - a potion of curing {unknown}
 A - a potion of degeneration {unknown}
 B - 4 potions of brilliance
 C - 2 potions of flight {unknown}
 D - a potion of agility {unknown}
 L - a potion of poison {unknown}
Comestibles
 e - 3 bread rations
 E - a meat ration
 I - 3 fruits
 T - 3 chunks of flesh


   Skills:
 + Level 5.1 Fighting
 + Level 4.0 Maces & Flails
 + Level 6.1 Armour
 + Level 2.2 Dodging
 + Level 0.6 Stealth
 + Level 7.5 Shields


You had 7 spell levels left.
You didn't know any spells.

Dungeon Overview and Level Annotations

Branches:
Dungeon (6/15)             Temple (1/1) D:5

Altars:
Dithmenos
Elyvilon
Gozag
Makhleb
Qazlal
Ru
Xom
The Shining One

Shops:
D:5 (:}%*


Innate Abilities, Weirdness & Mutations

You are under a permanent stasis effect.
You can dig through walls and to a lower floor.
Your four strong arms can wield two-handed weapons with a shield.
You have a pair of large antennae on your head (SInv).


Message History

You hit the jelly but do no damage.
Your hands burn!
* * * LOW HITPOINT WARNING * * *
The jelly is almost dead.
The jelly barely misses you.
You hit the jelly but do no damage.
Your hands burn!
* * * LOW HITPOINT WARNING * * *
The jelly is almost dead.
The jelly hits you.
* * * LOW HITPOINT WARNING * * *
You are splashed with acid!
The acid burns!
* * * LOW HITPOINT WARNING * * *
You hit the jelly but do no damage.
Your hands burn!
* * * LOW HITPOINT WARNING * * *
The jelly is almost dead.
You block the jelly's attack.
Drink which item? (? for menu, Esc to quit)
It was a potion of brilliance.
You feel clever all of a sudden. The jelly hits you.
You die...

.#.. ...##
!...###...#
........... #.
.....).... ...
........!####...
.........#....$.
................
#.....J@........
................
..#....#........
#....#[.......
#....#<.......
######>.......
.........
.#........
..#........


You could see a jelly.

Vanquished Creatures
  2 ogres (D:4)
  An ice beast (D:5)
  A centaur (D:3)
  A big kobold (Sewer)
  An orc wizard (D:4)
  An orc priest (D:4)
  5 worker ants
  5 hounds (D:5)
  7 adders
  4 gnolls (D:4)
  8 river rats (Sewer)
  An ooze (Sewer)
  An adder zombie (D:5)
  A worm (D:2)
  3 giant geckos
  14 orcs
  5 ball pythons
  8 giant cockroaches
  9 goblins
  7 hobgoblins
  3 jackals (D:5)
  4 quokkas
  A ball python skeleton (D:4)
  9 bats
  A giant gecko skeleton (D:4)
  A giant gecko zombie (D:5)
  5 giant newts
  23 kobolds
  20 rats
  A butterfly (D:5)
153 creatures vanquished.

Notes
Turn   | Place    | Note
--------------------------------------------------------------
     0 | D:1      | Rationalist the Formicid Fighter began the quest for the Orb.
     0 | D:1      | Reached XP level 1. HP: 18/18 MP: 1/1
   165 | D:1      | Reached XP level 2. HP: 22/24 MP: 2/2
   361 | D:1      | Reached skill level 4 in Shields
   368 | D:1      | Reached XP level 3. HP: 19/29 MP: 3/3
   789 | D:2      | Reached skill level 1 in Dodging
  1294 | D:2      | Reached XP level 4. HP: 36/36 MP: 4/4
  1720 | D:3      | Noticed a centaur
  1729 | D:3      | Killed a centaur
  1729 | D:3      | Reached XP level 5. HP: 27/42 MP: 5/5
  1955 | D:3      | Upgraded the game from 0.17-a0-1837-g7c6a762 to 0.17-a0-1882-g750edc8
  2143 | D:3      | Found a glowing drain.
  2190 | Sewer    | Entered a sewer
  2248 | Sewer    | Reached skill level 5 in Shields
  2344 | Sewer    | Reached XP level 6. HP: 48/48 MP: 6/6
  2871 | Sewer    | Reached skill level 5 in Armour
  3759 | D:4      | Reached XP level 7. HP: 54/54 MP: 7/7
  3951 | D:4      | Found a glowing golden altar of the Shining One.
  4082 | D:4      | Found a shadowy altar of Dithmenos.
  4098 | D:4      | Reached skill level 6 in Shields
  4396 | D:4      | Reached XP level 8. HP: 61/61 MP: 8/8
  4566 | D:5      | Entered Level 5 of the Dungeon
  4608 | D:5      | Found a staircase to the Ecumenical Temple.
  4625 | Temple   | Entered the Ecumenical Temple
  4673 | Temple   | Became a worshipper of Qazlal Stormbringer
  4774 | D:5      | Found a white marble altar of Elyvilon.
  4912 | D:5      | Found Narik's Weapon Emporium.
  4927 | D:5      | Bought 17 bolts of frost for 110 gold pieces
  4956 | D:5      | Found Faeni's Book Emporium.
  4960 | D:5      | Found Qupn's Gadget Shop.
  4965 | D:5      | Reached skill level 7 in Shields
  5017 | D:5      | Found Vinkuj's Food Shoppe.
  5065 | D:5      | Reached skill level 5 in Fighting
  5066 | D:5      | Found a shimmering altar of Xom.
  5087 | D:5      | Found Nosmeren's Assorted Antiques.
  5118 | D:5      | Bought a scroll labeled VAD ONACWAKOXU for 29 gold pieces
  5118 | D:5      | Bought a scroll labeled CAJUOSH YNKAES for 29 gold pieces
  5127 | D:5      | Found a burning altar of Makhleb.
  5410 | D:6      | HP: 2/62 [acid (4)]
  5411 | D:6      | Slain by a jelly

Vault maps used:
D:1:      grunt_arrival_crossed_arrows
D:2:      minmay_tree_intersection
D:3:      corexii_shack_village, gup_sewer_entry_glass, minivault_27
D:4:      minmay_door_path, lemuel_doored_altar, first_bread,
          nicolae_dithmenos_the_darkroom
D:5:      elyvilon_altar_3, lemuel_coloured_pillars_altar,
          minmay_temple_entry_butterflies, serial_shops, kennysheep_mini,
          kennysheep_mini_moat, nicolae_shop_window_shopping, shop, shop,
          mumra_transporter_accident, minmay_fountain_box,
          makhleb_heckhound_becter
D:6:      black_bear_nest_2, evilmike_ruin_ashenzari
Temple:   minmay_temple_curvy_8
Sewer:    sewer_minmay_treatment

Action                   |  1- 3 |  4- 6 |  7- 9 || total
-------------------------+-------+-------+-------++-------
Melee: Flail             |   136 |   339 |   255 ||   730
 Abil: Dig               |       |     1 |     3 ||     4
  Use: Scroll            |       |       |     2 ||     2
       Potion            |       |       |     1 ||     1
  Eat: Chunk             |     1 |     7 |     7 ||    15
       Fruit             |       |     4 |       ||     4
